 Dungeon Crawl Stone Soup version 0.30.0-15-g856e2d3f33 (webtiles) character file.

Game seed: 15758317576708677365

119 Sobieck the Sneak (level 4, -4/21 HPs)
             Began as a Spriggan Earth Elementalist on May 18, 2023.
             Slain by an orc priest
             ... wielding a +0 war axe
              (11 damage)
             ... on level 2 of the Dungeon.
             The game lasted 00:03:39 (2014 turns).

Sobieck the Sneak (Spriggan Earth Elementalist)     Turns: 2014, Time: 00:03:39

Health: -4/21      AC:  2    Str:  4    XL:     4   Next: 73%
Magic:  5/10       EV: 19    Int: 18    God:
Gold:   68         SH:  0    Dex: 21    Spells: 6/9 levels left

rFire   . . .        m - +1 dagger (venom) {short}
rCold   . . .        (no shield)
rNeg    . . .        a - +0 robe
rPois   .            (helmet restricted)
rElec   .            (no cloak)
rCorr   .            (gloves unavailable)
SInv    +            (boots unavailable)
Will    .....        (no amulet)
Stlth   +++          s - +6 ring of dexterity
HPRegen 0.23/turn    (no ring)
MPRegen 0.12/turn

%: no passive effects
@: very quick
A: very small, no large weapons, unfitting armour, see invisible, speed 3
a: no special abilities


You were on level 2 of the Dungeon.
You visited 1 branch of the dungeon, and saw 3 of its levels.

You collected 122 gold pieces.
You spent 54 gold pieces at shops.


Innate Abilities, Weirdness & Mutations

You are very small and have problems with some larger weapons.
You are too small for most types of armour.
You have supernaturally acute eyesight. (SInv)
You cover ground extremely quickly. (Speed+++)


   Skills:
 + Level 1.6 Short Blades
 + Level 3.7 Dodging
 + Level 4.2 Stealth
 + Level 3.4 Spellcasting
 + Level 2.7 Transmutations
 + Level 3.1 Earth Magic


You had 6 spell levels left.
You knew the following spells:

 Your Spells              Type           Power      Damage    Failure   Level
a - Sandblast             Erth           28%        2d8       4%          1
b - Passwall              Tmut/Erth      10%        N/A       7%          2

Your spell library contained the following spells:

 Spells                   Type           Power      Damage    Failure   Level
 Stone Arrow              Conj/Erth      16%        3d8       24%         3
 Call Canine Familiar     Summ           3%         N/A       43%         3
 Inner Flame              Hex/Fire       3%         N/A       43%         3
 Portal Projectile        Hex/Tloc       6%         N/A       43%         3
 Petrify                  Tmut/Erth      13%        N/A       43%         4
 Leda's Liquefaction      Hex/Erth       4%         N/A       63%         4
 Flame Wave               Conj/Fire      3%         2d5       83%         4
 Sticky Flame             Conj/Fire      3%         2d3       83%         4

Inventory:

Hand Weapons
 f - a +0 mace {mace}
   (You found it on level 1 of the Dungeon)
 i - a +0 club {mace}
   (You took it off a goblin on level 1 of the Dungeon)
 j - a +0 sling
   (You found it on level 1 of the Dungeon)
 k - a +0 dagger {short}
   (You took it off a goblin on level 1 of the Dungeon)
 m - a +1 dagger of venom (weapon) {short}
   (You took it off a kobold on level 1 of the Dungeon)
Missiles
 d - 12 stones {throwing}
Armour
 a - a +0 robe (worn)
 r - a +0 robe
   (You took it off Jessica on level 2 of the Dungeon)
 w - a +0 robe
   (You found it on level 2 of the Dungeon)
Jewellery
 s - a +6 ring of dexterity (left hand)
   (You found it on level 2 of the Dungeon)
 u - an amulet of regeneration {@e2}
   (You found it on level 2 of the Dungeon)
Scrolls
 e - 2 scrolls of teleportation {unknown}
 h - a scroll of identify {unknown}
 q - a scroll of magic mapping {unknown}
 t - a scroll of blinking {unknown}
 v - a scroll of silence {unknown}
 x - a scroll of noise {unknown}
Potions
 b - a potion of magic
 c - a potion of invisibility {unknown}
 g - a potion of curing {unknown}
 l - 3 potions of brilliance {unknown}
 n - a potion of resistance {unknown}
 o - a potion of degeneration {unknown}
 p - a potion of attraction {unknown}

Dungeon Overview and Level Annotations

Branches:
Dungeon (3/15) Zot: 16454

Altars:
Xom

Shops:
D:1

* ##....⌠........# ###.#
#.............# #...#
##.8...8.#....# #.###
####.....##....# #.#
#.###...###....####.####
##..########.####......# ##.#
#..........#.##.## #.#
#.##..###........#
###.####@##.......)..#..# ###
#.....#o...<.........#...
..#######.....#..##..........#...
#.#....................#.....)...
#.....###.....#..#........#####..
.......##.....#..###..##.........
#.._...#......#..........######..
.......#).###.#.......#### #..
#.........###.######.## ####..


You could see an orc priest.


Message History

Found an escape hatch in the ceiling.
Unknown command.
An adder comes into view.
Danger!
The blast of sand hits the adder!
The adder hisses angrily.
The blast of sand misses the adder.
The adder bites you but does no damage.
The blast of sand hits the adder.
The adder closely misses you. The adder bites you.
You are poisoned.
The adder poisons you!
You miscast Sandblast.
You are very lightly contaminated with residual magic.
Nothing appears to happen.
You feel sick. The adder closely misses you.
The blast of sand hits the adder!
You kill the adder!
You feel sick.
Unknown command.
You feel sick.
You feel sick.
You feel sick.
You are no longer poisoned.
Your magical contamination has completely faded away.
Unknown command.
Unknown command.
You see here an adder corpse.
Found a stone staircase leading down.
Unknown command.
Found two stone staircases leading up.
Unknown command.
There is a stone staircase leading down here.
There is a stone staircase leading up here.
A dart slug comes into view.
Danger!
The blast of sand hits the dart slug!
You kill the dart slug!
e - 2 scrolls labelled JADA COETISS (gained 1)
There is a stone staircase leading up here.
There is a stone staircase leading up here.
There is a stone staircase leading up here.
There is a stone staircase leading up here.
You see here a +0 dagger {short}.
Done exploring.
(D) Dungeon
Where to? (Enter - D:2, ? - help)
There is a stone staircase leading down here.
You climb downwards.
You hear the sound of rushing water.
There is an entrance to a sewer on this level.
Hurry and find it before the portal rusts away!
Found the Unrestrained Analects and a scroll labelled TELIV HIACZOAK.
Found a stone staircase leading up.
There is a stone staircase leading up here.
Danger!
Unknown command. 2 orcs come into view.
You can't see any susceptible monsters within range! (Use Z to cast anyway.) Unknown command.
The blast of sand hits the orc priest.
The orc priest shouts!
The orc shouts!
Unknown command.
The orc priest miscasts a cantrip.
There is a stone staircase leading up here.
Unknown command.
Unknown command.
Unknown command.
The blast of sand hits the orc priest but does no damage.
The blast of sand hits the orc priest but does no damage.
The orc priest barely misses you.
You climb upwards.
There is a stone staircase leading down here.
Unknown command.
Unknown command.
Casting: Sandblast (safe; 4% risk of failure)
Confirm with . or Enter, or press ? or * to list all spells.
Aiming: Sandblast (safe; 4% risk of failure)
Press: ? - help, Shift-Dir - straight line, f - orc priest
Aim: an orc priest, wielding a +0 war axe and wearing a +0 scale mail (lightly wounded, 84% to hit)
The blast of sand hits the orc priest but does no damage.
The orc priest calls down the wrath of Beogh upon you.
Pain shoots through your body!
The orc priest hits you with a +0 war axe.
* * * LOW HITPOINT WARNING * * *
Casting: Sandblast (safe; 4% risk of failure)
Confirm with . or Enter, or press ? or * to list all spells.
Aiming: Sandblast (safe; 4% risk of failure)
Press: ? - help, Shift-Dir - straight line, f/p - orc priest
Aim: an orc priest, wielding a +0 war axe and wearing a +0 scale mail (lightly wounded, 84% to hit)
The blast of sand misses the orc priest.
The orc priest invokes the aid of Beogh against you.
Pain shoots through your body!
* * * LOW HITPOINT WARNING * * *
Casting: Sandblast (safe; 4% risk of failure)
Confirm with . or Enter, or press ? or * to list all spells.
Aiming: Sandblast (safe; 4% risk of failure)
Press: ? - help, Shift-Dir - straight line, f/p - orc priest
Aim: an orc priest, wielding a +0 war axe and wearing a +0 scale mail (lightly wounded, 84% to hit)
The blast of sand hits the orc priest!
The orc priest hits you with a +0 war axe!
Ouch! That really hurt!
You die...

Skill      XL: |  1  2  3 |
---------------+----------+-----
Dodging        | 3 |  3.7
Spellcasting   | 3 |  3.4
Transmutations | 2 |  2.7
Short Blades   | 1 |  1.6
Stealth        | 4 |  4.2
Earth Magic    | 3 |  3.1

Action                     |  1- 3 |  4- 6 || total
---------------------------+-------+-------++-------
   Cast: Sandblast         |    46 |    30 ||    76
 Armour: Robe              |     2 |     1 ||     3
  Dodge: Dodged            |     7 |     7 ||    14

Levels and vault maps discovered:
D:1:      amcnicky_arrival_wind_blow, layout_basic, serial_shops, shop
D:2:      layout_loops_cross, basic_altar, wad_floor_pattern_untrapped,
          kennysheep_generic_room_14, uniq_jessica
D:3:      layout_rooms, elyvilon_altar_3, cheibrodos_sewer_entry_drain,
          chequers_serial_rivers_room_a

Notes
Turn   | Place    | Note
-------+----------+-------------------------------------------
     0 | D:1      | Sobieck the Spriggan Earth Elementalist began the quest for
                  | the Orb.
     0 | D:1      | Reached XP level 1. HP: 9/9 MP: 5/5
   261 | D:1      | Reached XP level 2. HP: 13/13 MP: 1/6
   332 | D:1      | Learned a level 2 spell: Passwall
   362 | D:1      | You pick up a book of Flames and begin reading...
   362 | D:1      | You add the spells Inner Flame, Sticky Flame and Flame Wave
                  | to your library.
   439 | D:1      | Reached skill level 3 in Dodging
   439 | D:1      | Reached skill level 3 in Spellcasting
   507 | D:1      | Reached skill level 2 in Transmutations
   757 | D:1      | Found Pofued's Assorted Antiques.
   761 | D:1      | Bought a blue potion for 18 gold pieces
   761 | D:1      | Bought a coppery potion for 18 gold pieces
   771 | D:1      | Reached XP level 3. HP: 16/16 MP: 2/8
   846 | D:1      | Bought a fizzy inky potion for 18 gold pieces
  1132 | D:2      | You pick up a book of the Hunter and begin reading...
  1132 | D:2      | You add the spells Call Canine Familiar, Portal Projectile
                  | and Leda's Liquefaction to your library.
  1159 | D:2      | Noticed Jessica
  1162 | D:2      | Killed Jessica
  1163 | D:2      | Reached skill level 1 in Short Blades
  1163 | D:2      | Reached skill level 4 in Stealth
  1163 | D:2      | Reached skill level 3 in Earth Magic
  1253 | D:2      | Reached XP level 4. HP: 21/21 MP: 5/9
  1505 | D:2      | Found a shimmering altar of Xom.
  2014 | D:2      | Slain by an orc priest

Vanquished Creatures
  Jessica (D:2)
  3 gnolls (D:2)
  An adder (D:2)
  5 dart slugs
  7 bats
  5 endoplasms (D:1)
  2 giant cockroaches (D:1)
  6 goblins
  2 hobgoblins (D:1)
  3 kobolds
  A quokka (D:1)
  6 ball pythons (D:1)
  A frilled lizard (D:1)
43 creatures vanquished.

Table legend:
 A = Non-vault XP
 B = Vault XP
 C = Vault XP percentage of total XP
 D = Non-vault monster count
 E = Vault monster count
 F = Vault count percentage of total count
                 A         B        C        D         E       F
            +---------+---------+-------+---------+---------+-------
      Total |     131 |      39 |  22.9 |      41 |       2 |   4.7
            +---------+---------+-------+---------+---------+-------
        D:1 |      49 |       0 |   0.0 |      27 |       0 |   0.0
        D:2 |      82 |      39 |  32.2 |      14 |       2 |  12.5
            +---------+---------+-------+---------+---------+-------

Skill      XL: |  1  2  3 |
---------------+----------+-----
Dodging        | 3 |  3.7
Spellcasting   | 3 |  3.4
Transmutations | 2 |  2.7
Short Blades   | 1 |  1.6
Stealth        | 4 |  4.2
Earth Magic    | 3 |  3.1

Action                     |  1- 3 |  4- 6 || total
---------------------------+-------+-------++-------
   Cast: Sandblast         |    46 |    30 ||    76
 Armour: Robe              |     2 |     1 ||     3
  Dodge: Dodged            |     7 |     7 ||    14

Illustrated notes

Table legend:
 A = Kills in this place as a percentage of kills in the entire game.
 B = Kills by you in this place as a percentage of kills by you in the entire game.
 C = Kills by friends in this place as a percentage of kills by friends in the entire game.
 D = Other kills in this place as a percentage of other kills in the entire game.
 E = Experience gained in this place as a percentage of experience gained in the entire game.
 F = Experience gained in this place divided by the number of levels of this place that you have seen.
                   A       B       C       D       E      F
               +-------+-------+-------+-------+-------+----------------------
         Total | 100.0 | 100.0 |   N/A |   N/A | 100.0 |  56.7
       Dungeon | 100.0 | 100.0 |   N/A |   N/A | 100.0 |  56.7
               +-------+-------+-------+-------+-------+----------------------

Table legend: (Time is in decaauts)
 A = Elapsed time spent in this place.
 B = Non-inter-level travel time spent in this place.
 C = Inter-level travel time spent in this place.
 D = Time resting spent in this place.
 E = Time spent auto-exploring this place.
 F = Levels seen in this place.
 G = Mean time per level.
                   A        B        C        D        E       F      G
               +--------+--------+--------+--------+--------+-----+--------+
         Total |   1544 |   1505 |     39 |      2 |   1286 |   3 |  514.7 |
       Dungeon |   1544 |   1505 |     39 |      2 |   1286 |   3 |  514.7 |
               +--------+--------+--------+--------+--------+-----+--------+

Top non-repeatable levels by time:
     D:1: 844 daAuts
     D:2: 689 daAuts
     D:3: 9 daAuts
